 Dungeon Crawl Stone Soup version 0.24.0-13-gcf9b319 (webtiles) character file.

Game seed: 3027491437379240154, levelgen mode: deterministic

46 Afromullet the Sneak (level 3, -1/25 HPs)
             Began as a Gnoll Enchanter on Feb 5, 2020.
             Slain by Grinder (6 damage)
             ... while paralysed by Grinder
             ... on level 3 of the Dungeon.
             The game lasted 00:07:08 (2022 turns).

Afromullet the Sneak (Gnoll Enchanter)              Turns: 2022, Time: 00:07:09

Health: -1/25      AC:  3    Str: 10    XL:     3   Next: 66%
Magic:  9/9        EV:  2    Int: 18    God:
Gold:   90         SH:  0    Dex: 15    Spells: 3/12 levels left

rFire    + . .     SeeInvis .   a - +2 dagger
rCold    + . .     Gourm    .   (no shield)
rNeg     . . .     Faith    +   h - +0 leather armour
rPois    .         Spirit   .   (no helmet)
rElec    .         Reflect  .   (no cloak)
rCorr    .         Harm     .   (no gloves)
MR       .....                  (no boots)
Stlth    +++.......             e - amulet of faith
HPRegen  0.08/turn              i - ring of protection from cold
MPRegen  0.11/turn              j - ring of protection from fire

@: paralysed
A: distributed training, fangs 1, strong nose
a: no special abilities


You were on level 3 of the Dungeon.
You were not hungry.

You visited 1 branch of the dungeon, and saw 3 of its levels.

You collected 90 gold pieces.

Inventory:

Hand Weapons
 a - a +2 dagger (weapon)
Missiles
 l - 14 stones (quivered)
Armour
 b - a +0 robe
 h - a +0 leather armour (worn)
Jewellery
 e - an amulet of faith (around neck)
 i - a ring of protection from cold (left hand)
 j - a ring of protection from fire (right hand)
Scrolls
 k - 2 scrolls of teleportation
Potions
 f - a potion of agility
 g - a potion of brilliance
Comestibles
 c - a chunk of flesh
 d - 3 rations


   Skills:
 + Level 0.9 Fighting
 + Level 2.6 Short Blades
 + Level 0.9 Long Blades
 + Level 0.9 Axes
 + Level 0.9 Maces & Flails
 + Level 0.9 Polearms
 + Level 0.9 Staves
 + Level 0.9 Slings
 + Level 0.9 Bows
 + Level 0.9 Crossbows
 + Level 0.9 Throwing
 + Level 0.9 Armour
 + Level 4.5 Dodging
 + Level 6.0 Stealth
 + Level 0.9 Shields
 + Level 0.9 Unarmed Combat
 + Level 5.0 Spellcasting
 + Level 0.6 Conjurations
 + Level 5.4 Hexes
 + Level 0.6 Charms
 + Level 0.6 Summonings
 + Level 0.6 Necromancy
 + Level 0.6 Translocations
 + Level 0.6 Transmutations
 + Level 0.6 Fire Magic
 + Level 0.6 Ice Magic
 + Level 0.6 Air Magic
 + Level 0.6 Earth Magic
 + Level 0.6 Poison Magic
 + Level 1.0 Invocations
 + Level 0.9 Evocations


You had 3 spell levels left.
You knew the following spells:

 Your Spells              Type           Power        Failure   Level  Hunger
a - Corona                Hex            ###....      1%          1    None
b - Ensorcelled Hibernat  Hex/Ice        ###...       8%          2    #......
c - Confuse               Hex            ###.....     6%          3    ##.....
d - Tukima's Dance        Hex            ###.....     6%          3    ##.....

Your spell library contained the following spells:

 Spells                   Type           Power        Failure   Level  Hunger
 Dazzling Spray           Conj/Hex       ###...       16%         3    ##.....


Dungeon Overview and Level Annotations

Branches:
Dungeon (3/15)

Altars:

Annotations:
D:3 Grinder


Innate Abilities, Weirdness & Mutations

Your experience applies equally to all skills.
You have very sharp teeth.
Your uncanny sense of smell can sniff out nearby items.


Message History

Grinder blinks!
Grinder blinks!
Grinder says, "Tell me all your secrets, or I'll kill you."
Grinder blinks!
Grinder says, "Wait up."
Found 23 stones.
You completely miss Grinder. Your bite misses Grinder. Grinder hits you.
You writhe in agony.
You barely miss Grinder. Grinder closely misses you.
You hit Grinder.
Grinder is lightly wounded.
Grinder gestures at you.
You suddenly lose the ability to move!
Grinder hits you.
You writhe in agony.
Grinder hits you.
You writhe in agony.
Grinder says, "Wait up."
Grinder hits you.
* * * LOW HITPOINT WARNING * * *
You writhe in agony.
You die...

##. ...### # #.#
#.... ∆ ∆ #.#.# #..#
####
#.#.###.#########...
#.....>...........##
#.#.#.#############
# #.#.# ##(#.#.#
#..5@..# #..#.###
#..#.# #. #.# #. #.#
. #.# ## #.# #..


You could see Grinder.

Vanquished Creatures
  An adder (D:2)
  2 dart slugs (D:2)
  2 leopard geckos (D:2)
  6 bats
  2 giant cockroaches
  2 goblins (D:1)
  A hobgoblin (D:3)
  9 kobolds (D:1)
  A quokka (D:2)
  2 ball pythons
  3 rats
31 creatures vanquished.

Notes
Turn   | Place    | Note
-------+----------+-------------------------------------------
     0 | D:1      | Afromullet the Gnoll Enchanter began the quest for the Orb.
     0 | D:1      | Reached XP level 1. HP: 13/13 MP: 6/6
   338 | D:1      | Reached XP level 2. HP: 12/19 MP: 7/7
   625 | D:1      | Learned a level 2 spell: Ensorcelled Hibernation
  1205 | D:2      | Reached XP level 3. HP: 14/25 MP: 9/9
  1338 | D:1      | Learned a level 3 spell: Confuse
  1342 | D:1      | Learned a level 3 spell: Tukima's Dance
  1356 | D:2      | Reached skill level 5 in Spellcasting
  1446 | D:2      | Reached skill level 6 in Stealth
  1550 | D:2      | Reached skill level 1 in Invocations
  2011 | D:3      | Noticed Grinder
  2019 | D:3      | Paralysed by Grinder for 4 turns
  2022 | D:3      | Slain by Grinder

Levels and vault maps discovered:
D:1:      minmay_arrival_checkered_box, layout_basic
D:2:      layout_rooms
D:3:      layout_loops_ring, uniq_sigmund, uniq_grinder

Skill      XL: |  1  2  3 |
---------------+----------+-----
Spellcasting   | 5 |  5.0
Stealth        | 6 |  6.0
Invocations    | 1 |  1.0
Fighting       | |  0.9
Short Blades   | |  2.6
Long Blades    | |  0.9
Axes           | |  0.9
Maces & Flails | |  0.9
Polearms       | |  0.9
Staves         | |  0.9
Slings         | |  0.9
Bows           | |  0.9
Crossbows      | |  0.9
Throwing       | |  0.9
Armour         | |  0.9
Dodging        | |  4.5
Shields        | |  0.9
Unarmed Combat | |  0.9
Conjurations   | |  0.6
Hexes          | |  5.4
Charms         | |  0.6
Summonings     | |  0.6
Necromancy     | |  0.6
Translocations | |  0.6
Transmutations | |  0.6
Fire Magic     | |  0.6
Ice Magic      | |  0.6
Air Magic      | |  0.6
Earth Magic    | |  0.6
Poison Magic   | |  0.6
Evocations     | |  0.9

Action                   || total
-------------------------++-------
Melee: Dagger            ||   122
       Bite              ||     4
 Cast: Confuse           ||     3
  Use: Scroll            ||     7
 Stab: Sleeping          ||    10
       Confused          ||     1
  Eat: Chunk             ||     4
Armor: Robe              ||    40
       Leather armour    ||     1
Dodge: Dodged            ||   118
